AoeStats
← 无忧无虑

Scandinavia

510279642Analyzed
1v1 RM · 2d ago on Sep 30, 2026· 22m 52s· 2 players
Game mode
Random Map
Map size
Tiny (2 player)
Population
200
Speed
Normal
Resources
Standard
Victory
Conquest
Starting age
Dark Age
Ending age
Imperial Age
RankedLock teamsTeams togetherTeam positionsShared explorationLock speedFull tech treeHidden civsTurbo modeCheats
Victory
Defeat
🇨🇳 Persians · China
865
+16
🇨🇳 Teutons · China
862
-43
无忧无虑
13:41 Feudal Age
17:46 Wheelbarrow
17:17 Double-Bit Axe
18:02 Bloodlines
3241167907
8:57 Feudal Age
8:58 Loom
10:00 Double-Bit Axe
9:58 Horse Collar
15:38 Wheelbarrow
15:32 Fletching
17:07 Padded Archer Armor
22:34 Castle Age
21:55 Forging
21:46 Scale Mail Armor
22:46 Crossbowman
23:32 Thumb Ring
Connection lost

Rejoining the realm…

Still unreachable

The connection could not be restored.

Session expired

The server has moved on; the page needs a fresh start.